 Dungeon Crawl Stone Soup version 0.22-a0-355-g201945f (webtiles) character file.

159 sankara the Chopper (level 5, -2/45 HPs)
             Began as a Hill Orc Fighter on Apr 17, 2018.
             Slain by a leopard gecko (3 damage)
             ... on level 3 of the Dungeon.
             The game lasted 00:04:44 (2453 turns).

sankara the Chopper (Hill Orc Fighter)              Turns: 2453, Time: 00:04:44

Health: -2/45      AC:  6    Str: 20    XL:     5   Next: 40%
Magic:  5/5        EV:  7    Int:  8    God:
Gold:   166        SH:  9    Dex: 10    Spells: 4/4 levels left

rFire    . . .     SeeInvis .   a - +0 war axe
rCold    . . .     Gourm    .   c - +0 shield
rNeg     . . .     Faith    .   b - +0 scale mail
rPois    .         Spirit   .   (no helmet)
rElec    .         Reflect  .   t - scarf {repulsion}
rCorr    .         Harm     .   (no gloves)
MR       .....                  (no boots)
Stlth    ..........             (no amulet)
HPRegen  0.15/turn              j - ring of loudness (curse) {Stlth-}
MPRegen  0.09/turn              (no ring)

@: glowing, repel missiles
A: no striking features
a: no special abilities


You were on level 3 of the Dungeon.
You were not hungry.

You visited 1 branch of the dungeon, and saw 4 of its levels.

You collected 166 gold pieces.

Inventory:

Hand Weapons
 a - a +0 war axe (weapon)
Armour
 b - a +0 scale mail (worn)
 c - a +0 shield (worn)
 t - a scarf of repulsion (worn)
   (You found it on level 2 of the Dungeon)
Jewellery
 j - a cursed ring of loudness (left hand) {Stlth-}
   (You found it on level 1 of the Dungeon)
Scrolls
 i - 5 scrolls of remove curse {unknown}
 k - 2 scrolls of immolation {unknown}
 m - a scroll of magic mapping {unknown}
 o - 2 scrolls of enchant weapon {unknown}
 p - 4 scrolls of identify {unknown}
 s - 2 scrolls of teleportation {unknown}
 x - a scroll of blinking {unknown}
Potions
 d - a potion of might
 e - 2 potions of degeneration {unknown}
 h - a potion of flight {unknown}
 l - 3 potions of invisibility {unknown}
 n - 3 potions of lignification {unknown}
 q - a potion of haste {unknown}
 r - 2 potions of resistance {unknown}
 u - a potion of curing {unknown}
 v - a potion of brilliance {unknown}
 w - a potion of mutation {unknown}
Comestibles
 f - 6 rations
 g - a chunk of flesh {@w0}


   Skills:
 - Level 3.6 Fighting
 + Level 7.2 Axes
 - Level 3.2 Armour
 - Level 3.2 Shields


You had 4 spell levels left.
You didn't know any spells.

Dungeon Overview and Level Annotations

Branches:
Dungeon (4/15)
 Temple: D:4-7

Altars:


Message History

The worm is severely wounded.
The worm barely misses you.
You slash the worm!
You kill the worm!
No target in view!
You see here a worm corpse.
You butcher the worm corpse.
g - a chunk of flesh {@w0} You open the door. 3 gnolls and a gnoll shaman come into view.
The gnoll shaman shouts!
The gnoll shouts! x3; You hear a shout!
You hear an angry hiss.
A leopard gecko and a gnoll come into view.
The gnoll shouts!
The leopard gecko moves out of view.
There is an open door here.
You hit the gnoll but do no damage. You slash the gnoll!
The gnoll hits you with a club.
You barely miss the gnoll.
The gnoll is severely wounded.
You hit the gnoll shaman. The gnoll hits you with a club.
The gnoll shaman hits you but does no damage.
You are too injured to fight recklessly!
You are too injured to fight recklessly!
You are too injured to fight recklessly!
Your shield prevents you from hitting the gnoll shaman.
The gnoll shaman is moderately wounded.
You hit the gnoll. The gnoll barely misses you.
The gnoll shaman hits you but does no damage.
You hit the gnoll shaman.
The gnoll shaman is heavily wounded.
You closely miss the gnoll. You barely miss the gnoll.
The gnoll barely misses you.
You closely miss the gnoll.
The gnoll is almost dead.
You completely miss the gnoll. You slash the gnoll shaman!
The gnoll hits you with a whip. The gnoll hits you with a club.
You closely miss the gnoll shaman.
The gnoll shaman is almost dead.
You closely miss the gnoll. x2; You block the gnoll's attack.
The gnoll shaman mumbles some strange prayers to its god.
The gnoll shaman is healed somewhat.
You block the gnoll's attack.
You hit the gnoll shaman.
The gnoll shaman is severely wounded.
You slash the gnoll!
You kill the gnoll!
You closely miss the gnoll.
The gnoll shaman utters an invocation to its god.
The gnoll shaman is healed somewhat.
The gnoll hits you with a whip. The leopard gecko barely misses you.
You block the gnoll shaman's attack. The gnoll hits you with a whip.
You closely miss the gnoll shaman.
The gnoll shaman is heavily wounded.
You closely miss the leopard gecko. You slash the gnoll!
The leopard gecko hisses menacingly.
The leopard gecko bites you but does no damage.
The gnoll shaman calls upon its god to heal the gnoll.
The gnoll is healed somewhat.
You block the gnoll's attack.
You hear an angry hiss.
You closely miss the gnoll shaman.
The gnoll shaman is heavily wounded.
You hit the leopard gecko. You hit the gnoll.
The leopard gecko bites you but does no damage.
The gnoll hits you with a whip.
The gnoll shaman mumbles some strange prayers to its god against you.
You are outlined in light.
The leopard gecko bites you but does no damage.
You barely miss the gnoll shaman.
The gnoll shaman is heavily wounded.
You hit the gnoll. You miss the leopard gecko.
The leopard gecko completely misses you.
The gnoll shaman hits you with a whip.
* * * LOW HITPOINT WARNING * * *
You block the gnoll's attack.
An adder comes into view.
You block the leopard gecko's attack. The leopard gecko bites you.
* * * LOW HITPOINT WARNING * * *
There is an open door here.
The adder barely misses you. The adder bites you.
* * * LOW HITPOINT WARNING * * *
You block the adder's attack.
There is a stone staircase leading up here.
The adder bites you but does no damage. The leopard gecko bites you.
* * * LOW HITPOINT WARNING * * *
The adder closely misses you.
You climb upwards.
There is a stone staircase leading down here.
The leopard gecko bites you but does no damage.
You block the adder's attack. The leopard gecko bites you.
* * * LOW HITPOINT WARNING * * *
The adder bites you.
* * * LOW HITPOINT WARNING * * *
You block the adder's attack.
There is a stone staircase leading up here.
The adder bites you.
* * * LOW HITPOINT WARNING * * *
You block the adder's attack. The leopard gecko bites you.
You die...

...###...##.........## ###.#####
......##.###...#.....## #.>......
.........###..##.###..###........
............#....####..##........
.#.....#.......#..............###
..............##.###########..##
#......###.......#.....###.....##
#.......##.....#.#.....#........#
##.....>....#..S@......#.#.......
##.......##....l.................
..............##......)..........
......###..............#.........
.......##......###.....#.........
...>...#............##...........
.........#..........#....#.......
......#####......................
.#.....................##........


You could see an adder and a leopard gecko.

Vanquished Creatures
  2 worker ants (D:4)
  A gnoll (D:4)
  2 adders
  2 worms
  7 dart slugs
  2 leopard geckos
  An orc (D:3)
  A bat (D:1)
  7 giant cockroaches
  8 goblins
  8 hobgoblins
  2 jackals (D:1)
  A quokka (D:3)
  2 ball pythons
  2 frilled lizards
  8 kobolds
  8 rats
64 creatures vanquished.

Notes
Turn   | Place    | Note
-------+----------+-------------------------------------------
     0 | D:1      | sankara the Hill Orc Fighter began the quest for the Orb.
     0 | D:1      | Reached XP level 1. HP: 19/19 MP: 1/1
    26 | D:1      | Reached skill level 3 in Axes
    48 | D:1      | Reached XP level 2. HP: 20/26 MP: 2/2
    54 | D:1      | Reached skill level 4 in Axes
   403 | D:1      | Reached XP level 3. HP: 29/31 MP: 3/3
   555 | D:1      | Reached skill level 5 in Axes
  1288 | D:2      | Reached XP level 4. HP: 39/39 MP: 4/4
  1492 | D:3      | Reached skill level 6 in Axes
  1905 | D:4      | Reached XP level 5. HP: 27/45 MP: 5/5
  2145 | D:4      | Reached skill level 7 in Axes
  2435 | D:4      | HP: 9/45 [adder (4)]
  2442 | D:4      | HP: 9/45 [leopard gecko (1)]
  2446 | D:3      | HP: 3/45 [adder (3)]
  2453 | D:3      | HP: 1/45 [adder (3)]
  2453 | D:3      | Slain by a leopard gecko

Vault maps used:
D:1:      lemuel_arrival_lava_pool
D:3:      first_ration
D:4:      serial_shops, shop

Skill      XL: |  1  2  3  4  5 |
---------------+----------------+-----
Axes           | 3 4 5 6 7 |  7.2
Fighting       | |  3.6
Armour         | |  3.2
Shields        | |  3.2

Action                   |  1- 3 |  4- 6 || total
-------------------------+-------+-------++-------
Melee: War axe           |   101 |    97 ||   198
  Eat: Chunk             |     1 |     4 ||     5
Armor: Scale mail        |    42 |    34 ||    76
Dodge: Dodged            |    33 |    35 ||    68
       Deflected         |       |     2 ||     2
Block: Shield            |    46 |    50 ||    96

Table legend:
 A = Spawn XP
 B = Non-spawn XP
 C = Spawn XP percentage of total XP
 D = Spawn monster count
 E = Non-spawn monster count
 F = Spawn count percentage of total count
 G = Total turns spent on level
                    A         B        C        D         E        F      G
               +---------+---------+-------+---------+---------+-------+---------
         Total |       0 |     228 |   0.0 |       0 |      64 |   0.0 |  2453
               +---------+---------+-------+---------+---------+-------+---------
           D:1 |       0 |      61 |   0.0 |       0 |      32 |   0.0 |   767
           D:2 |       0 |      38 |   0.0 |       0 |      14 |   0.0 |   673
           D:3 |       0 |      38 |   0.0 |       0 |      12 |   0.0 |   466
           D:4 |       0 |      91 |   0.0 |       0 |       6 |   0.0 |   547
               +---------+---------+-------+---------+---------+-------+---------

Vault maps used:
D:1:      lemuel_arrival_lava_pool
D:3:      first_ration
D:4:      serial_shops, shop

Table legend:
 A = Turns spent in this place as a percentage of turns spent in the entire game.
 B = Non-inter-level travel turns spent in this place as a percentage of non-inter-level travel turns spent in the entire game.
 C = Inter-level travel turns spent in this place as a percentage of turns spent in this place.
 D = Turns resting spent in this place as a percentage of non-inter-level travel turns spent in this place.
 E = Turns spent auto-exploring this place as a percentage of non-inter-level travel turns spent in this place.
 F = Non-inter-level travel turns spent in this place divided by the number of levels of this place that you've seen.
                   A       B       C       D       E      F
               +-------+-------+-------+-------+-------+----------------------
         Total | 100.0 | 100.0 |   1.6 |  26.6 |  52.6 | 603.2
       Dungeon | 100.0 | 100.0 |   1.6 |  26.6 |  52.6 | 603.2
               +-------+-------+-------+-------+-------+----------------------

Table legend:
 A = Kills in this place as a percentage of kills in entire the game.
 B = Kills by you in this place as a percentage of kills by you in the entire game.
 C = Kills by friends in this place as a percentage of kills by friends in the entire game.
 D = Other kills in this place as a percentage of other kills in the entire game.
 E = Experience gained in this place as a percentage of experience gained in the entire game.
 F = Experience gained in this place divided by the number of levels of this place that you have seen.
                   A       B       C       D       E      F
               +-------+-------+-------+-------+-------+----------------------
         Total | 100.0 | 100.0 |   N/A |   N/A | 100.0 |  57.0
       Dungeon | 100.0 | 100.0 |   N/A |   N/A | 100.0 |  57.0
               +-------+-------+-------+-------+-------+----------------------
